 Dungeon Crawl Stone Soup version 0.21-a0-297-ga3d34c2 (console) character file.

683 nht the Slinger (level 7, -8/55 HPs)
             Began as a Gnoll Hunter on Sept 28, 2017.
             Killed from afar by an orc wizard (9 damage)
             ... with a puff of flame
             ... on level 4 of the Dungeon.
             The game lasted 00:04:48 (3427 turns).

nht the Slinger (Gnoll Hunter)                      Turns: 3427, Time: 00:04:49

Health: -8/55      AC:  6    Str: 19    XL:     7   Next: 61%
Magic:  10/10      EV: 15    Int: 15    God:
Gold:   203        SH:  0    Dex: 16    Spells: 10/10 levels left

rFire    . . .     SeeInvis .   h - +5 falchion (elec)
rCold    . . .     Gourm    .   (no shield)
rNeg     . . .     Faith    .   c - +0 leather armour
rPois    .         Spirit   .   F - +2 helmet
rElec    .         Reflect  .   (no cloak)
rCorr    .         Harm     .   (no gloves)
MR       +....                  (no boots)
Stlth    ++........             (no amulet)
HPRegen  0.18/turn              k - ring of protection from magic
MPRegen  0.12/turn              (no ring)

@: mighty
A: distributed training, fangs 1, strong nose
a: no special abilities


You were on level 4 of the Dungeon.
You were hungry.

You visited 1 branch of the dungeon, and saw 4 of its levels.
You also visited: Ossuary.

You collected 203 gold pieces.

Inventory:

Hand Weapons
 a - a +1 hunting sling
 b - a +0 short sword
 h - a +5 falchion of electrocution (weapon)
Missiles
 d - 13 sling bullets
 g - 84 stones (quivered)
Armour
 c - a +0 leather armour (worn)
 x - a +0 hat
 F - a +2 helmet (worn)
Jewellery
 k - a ring of protection from magic (left hand)
 w - a cursed amulet of inaccuracy {unknown}
Wands
 u - a wand of acid (1/15)
 C - a wand of polymorph (18/24)
Scrolls
 e - 2 scrolls of noise {unknown}
 i - 2 scrolls of fear {unknown}
 l - a scroll of recharging {unknown}
 m - 3 scrolls of blinking
 n - 3 scrolls of remove curse {unknown}
 r - 2 scrolls of teleportation {unknown}
 t - 5 scrolls of identify {unknown}
 v - 3 scrolls of enchant armour {unknown}
 y - a scroll of magic mapping {unknown}
 z - a scroll of amnesia {unknown}
 E - a scroll of enchant weapon {unknown}
Potions
 j - 5 potions of curing
 p - a potion of might
 A - a potion of lignification {unknown}
 B - a potion of mutation {unknown}
 D - 2 potions of haste {unknown}
Comestibles
 f - 4 bread rations
 o - 6 fruits
 q - 3 royal jellies
 s - a meat ration


   Skills:
 + Level 4.7 Fighting
 + Level 2.8 Short Blades
 + Level 2.6 Long Blades
 + Level 2.0 Axes
 + Level 2.0 Maces & Flails
 + Level 3.3 Polearms
 + Level 1.7 Staves
 + Level 8.9 Slings
 + Level 2.6 Bows
 + Level 2.6 Crossbows
 + Level 2.3 Throwing
 + Level 3.1 Armour
 + Level 5.1 Dodging
 + Level 3.9 Stealth
   Level 0.0 Stabbing
 + Level 2.3 Shields
   Level 0.0 Traps
 + Level 1.3 Unarmed Combat
 + Level 2.0 Spellcasting
 + Level 2.3 Conjurations
 + Level 2.3 Hexes
 + Level 2.3 Charms
 + Level 3.3 Summonings
 + Level 2.3 Necromancy
 + Level 2.0 Translocations
 + Level 3.3 Transmutations
 + Level 2.6 Fire Magic
 + Level 2.8 Ice Magic
 + Level 2.3 Air Magic
 + Level 1.3 Earth Magic
 + Level 2.8 Poison Magic
 + Level 2.3 Invocations
 + Level 2.0 Evocations


You had 10 spell levels left.
You didn't know any spells.

Dungeon Overview and Level Annotations

Branches:
Dungeon (4/15)
 Temple: D:4-7

Altars:
Gozag
Ru


Innate Abilities, Weirdness & Mutations

Your experience applies equally to all skills.
You have very sharp teeth.
Your uncanny sense of smell can sniff out nearby items.


Message History

You closely miss the orc wizard.
The orc wizard is severely wounded.
The orc wizard barely misses you. The orc priest barely misses you.
The orc wizard hits you with a dagger.
You closely miss the orc wizard.
The orc wizard is severely wounded.
The orc wizard misses you.
The orc priest invokes the aid of Beogh against you.
Beogh smites you!
* * * LOW HITPOINT WARNING * * *
The orc wizard hits you with a dagger.
* * * LOW HITPOINT WARNING * * *
The orc priest invokes the aid of Beogh against you.
Beogh smites you!
* * * LOW HITPOINT WARNING * * *
It was a potion of might.
You feel very mighty all of a sudden.
The orc wizard points at you and mumbles some strange words.
The puff of flame hits you!
You die...

.l██......█.█.█
██.
███.......█.█.█
█..
..........█.█.█
.... ∆
............█.█
███.
........███.█....
█. ███████.█
█>.....███.
█.█████........
██████...█
........
█oo@.'...█
.......
█l████...█
...███. ████.█
█...█ ..█ █.
██..†o█


█████ +.███. █....██ +..... █...)█ ...... █....+ ...... █....█ ...... █....█
....<. You could see an orc priest, an orc wizard and a leopard gecko.

Vanquished Creatures
  A sky beast (D:3)
  2 water moccasin zombies (Ossuary)
  2 hounds (D:4)
  An orc priest (D:2)
  2 orc wizards
  An iguana (D:4)
  5 big kobold zombies (Ossuary)
  2 mummies (Ossuary)
  5 adders
  2 oozes
  4 adder zombies (Ossuary)
  3 worms
  2 dart slugs
  3 leopard geckos
  16 orcs
  2 ball pythons
  4 giant cockroaches
  2 gnoll zombies (Ossuary)
  6 goblins
  5 hobgoblins
  6 jackals
  8 kobolds
  2 quokkas
  5 bats
  4 frilled lizards
  3 hobgoblin zombies (Ossuary)
  A kobold zombie (Ossuary)
  2 orc zombies (Ossuary)
  11 rats
112 creatures vanquished.

Notes
Turn   | Place    | Note
-------+----------+-------------------------------------------
     0 | D:1      | nht the Gnoll Hunter began the quest for the Orb.
     0 | D:1      | Reached XP level 1. HP: 20/20 MP: 1/1
    25 | D:1      | Reached skill level 1 in Evocations
    50 | D:1      | Reached XP level 2. HP: 24/26 MP: 2/2
   118 | D:1      | Reached skill level 1 in Earth Magic
   167 | D:1      | Reached skill level 1 in Conjurations
   188 | D:1      | Reached skill level 1 in Long Blades
   228 | D:1      | Reached skill level 1 in Shields
   270 | D:1      | Reached XP level 3. HP: 31/31 MP: 4/4
   436 | D:1      | Reached skill level 1 in Fire Magic
   816 | D:2      | Reached skill level 1 in Transmutations
   825 | D:2      | Reached skill level 1 in Polearms
   830 | D:2      | Found a sacrificial altar of Ru.
   831 | D:2      | Reached skill level 1 in Air Magic
   854 | D:2      | Reached skill level 1 in Poison Magic
   905 | D:2      | Reached XP level 4. HP: 35/38 MP: 5/5
  1277 | D:2      | Reached skill level 1 in Ice Magic
  1386 | D:2      | Reached skill level 1 in Summonings
  1397 | D:2      | Reached skill level 1 in Armour
  1486 | D:2      | Reached skill level 1 in Crossbows
  1486 | D:2      | Reached skill level 1 in Charms
  1493 | D:2      | Reached skill level 1 in Axes
  1493 | D:2      | Reached skill level 1 in Spellcasting
  1493 | D:2      | Reached XP level 5. HP: 33/43 MP: 6/6
  1757 | D:3      | Reached skill level 1 in Short Blades
  1846 | D:3      | Noticed a sky beast
  1884 | D:3      | Killed a sky beast
  1884 | D:3      | Reached skill level 1 in Throwing
  1884 | D:3      | Reached skill level 5 in Dodging
  1884 | D:3      | Reached skill level 1 in Hexes
  1884 | D:3      | Reached skill level 1 in Translocations
  1884 | D:3      | Reached skill level 1 in Invocations
  1884 | D:3      | Reached XP level 6. HP: 8/49 MP: 7/7
  2023 | D:3      | Reached skill level 1 in Bows
  2220 | D:3      | Found an opulent altar of Gozag.
  2512 | D:4      | Reached skill level 1 in Maces & Flails
  2630 | D:4      | Found a sand-covered staircase.
  2649 | Ossuary  | Entered an ossuary
  2668 | Ossuary  | Reached XP level 7. HP: 45/55 MP: 9/9
  3051 | Ossuary  | Reached skill level 1 in Staves
  3410 | D:4      | Reached skill level 1 in Unarmed Combat
  3426 | D:4      | HP: 1/55 [orc priest/divine providence (12)]
  3427 | D:4      | Killed from afar by an orc wizard

Vault maps used:
D:1:      saegor_arrival_simple_d, supply_closet_lemuel
D:2:      cheibrodos_pilgrimage, nicolae_ru_awakened_eye
D:3:      lemuel_doored_altar, first_bread, grunt_decor_arrowhead,
          grunt_ministairs_14, roderic_lattice_a
D:4:      kennysheep_mini, nicolae_ossuary_entry_ruins, minmay_misc_feat_cross,
          minmay_joined_circles
Ossuary:  ossuary_tomb_2

Skill      XL: |  1  2  3  4  5  6  7 |
---------------+----------------------+-----
Evocations     | 1 2 |  2.0
Earth Magic    | 1 |  1.3
Conjurations   | 1 2 |  2.3
Long Blades    | 1 2 |  2.6
Shields        | 1 2 |  2.3
Fire Magic     | 1 2 |  2.6
Transmutations | 1 2 3 |  3.3
Polearms       | 1 2 3 |  3.3
Air Magic      | 1 2 |  2.3
Poison Magic   | 1 2 |  2.8
Ice Magic      | 1 2 |  2.8
Summonings     | 1 2 3 |  3.3
Armour         | 1 2 3 |  3.1
Crossbows      | 1 2 |  2.6
Charms         | 1 2 |  2.3
Axes           | 1 2 |  2.0
Spellcasting   | 1 2 |  2.0
Necromancy     | 2 |  2.3
Short Blades   | 1 2 |  2.8
Stealth        | 3 |  3.9
Throwing       | 1 2 |  2.3
Dodging        | 5 |  5.1
Hexes          | 1 2 |  2.3
Translocations | 1 2 |  2.0
Invocations    | 1 2 |  2.3
Bows           | 1 2 |  2.6
Maces & Flails | 1 2 |  2.0
Staves         | 1 |  1.7
Unarmed Combat | 1 |  1.3
Fighting       | |  4.7
Slings         | |  8.9

Action                   |  1- 3 |  4- 6 |  7- 9 || total
-------------------------+-------+-------+-------++-------
Melee: Falchion          |       |    65 |    63 ||   128
       Bite              |       |    10 |     8 ||    18
       Punch             |       |       |     2 ||     2
 Fire: Hunting sling     |   105 |   101 |       ||   206
Evoke: Wand              |       |     4 |       ||     4
  Use: Potion            |       |     3 |     1 ||     4
       Scroll            |       |     1 |       ||     1
 Stab: Sleeping          |       |     1 |     2 ||     3
  Eat: Chunk             |       |     5 |     1 ||     6
       Fruit             |       |       |     1 ||     1
Armor: Leather armour    |     3 |    18 |    12 ||    33
Dodge: Dodged            |    21 |    65 |    32 ||   118
       Rpst.: Falchion   |       |    12 |    12 ||    24

Table legend:
 A = Spawn XP
 B = Non-spawn XP
 C = Spawn XP percentage of total XP
 D = Spawn monster count
 E = Non-spawn monster count
 F = Spawn count percentage of total count
 G = Total turns spent on level
                    A         B        C        D         E        F      G
               +---------+---------+-------+---------+---------+-------+---------
         Total |       0 |     977 |   0.0 |       0 |     112 |   0.0 |  3427
               +---------+---------+-------+---------+---------+-------+---------
           D:1 |       0 |      52 |   0.0 |       0 |      29 |   0.0 |   767
           D:2 |       0 |     153 |   0.0 |       0 |      26 |   0.0 |   874
           D:3 |       0 |     248 |   0.0 |       0 |      24 |   0.0 |   853
           D:4 |       0 |     163 |   0.0 |       0 |      12 |   0.0 |   203
       Ossuary |       0 |     361 |   0.0 |       0 |      21 |   0.0 |   730
               +---------+---------+-------+---------+---------+-------+---------
